 Dungeon Crawl Stone Soup version 0.31.0-32-g396128a36d (webtiles) character file.

Game seed: 3828816609224599592

88 RatsInWalls the Ruffian (level 4, 0/36 HPs)
             Began as a Demigod Shapeshifter on Mar 9, 2024.
             Slain by Robin
             ... wielding a +0 whip
              (4 damage)
             ... on level 2 of the Dungeon.
             The game lasted 00:04:30 (1585 turns).

RatsInWalls the Ruffian (Demigod Shapeshifter)      Turns: 1585, Time: 00:04:31

Health: 0/36       AC:  2    Str: 25    XL:     4   Next: 9%
Magic:  6/6        EV: 12    Int: 12    God:
Gold:   91         SH:  0    Dex: 13    Spells: 3/3 levels left

rFire   . .          .
                       - Unarmed
rCold   . . .        (no shield)
rNeg    . . .        a - +0 animal skin
rPois   .            (helmet currently unavailable)
rElec   .            (cloak currently unavailable)
rCorr   .            (gloves currently unavailable)
SInv    .            (boots currently unavailable)
Will    .....        (no amulet)
Stlth   ++           m - +6 ring of strength
HPRegen 0.26/turn    (no ring)
MPRegen 0.10/turn

%: no passive effects
@: beast-form
A: beast (slay +1), high MP 1, forlorn, divine attributes
a: Begin Untransformation


You were on level 2 of the Dungeon.
You were a hulking beast.
You visited 1 branch of the dungeon, and saw 2 of its levels.

You collected 91 gold pieces.

Inventory:

Missiles
 i - 26 stones (quivered)
Armour
 a - a +0 animal skin (worn)
Magical Staves
 n - a staff of death
Jewellery
 m - a +6 ring of strength (left hand)
Talismans
 c - a beast talisman (active)
 d - a flux talisman
Scrolls
 f - 2 scrolls of identify {unknown}
 h - a scroll of enchant weapon {unknown}
 k - a scroll of immolation {unknown}
 o - 2 scrolls of silence {unknown}
 p - a scroll of acquirement {unknown}
Potions
 b - a potion of lignification
 e - a potion of resistance {unknown}
 g - 2 potions of mutation {unknown}
 j - a potion of magic {unknown}
 l - a potion of might {unknown}


   Skills:
 + Level 1.9 Fighting
 + Level 2.4 Dodging
 + Level 1.1 Stealth
 + Level 3.2 Unarmed Combat
 + Level 3.1 Shapeshifting


You had 3 spell levels left.
You didn't know any spells.
Your spell library contained the following spells:

 Spells                   Type           Power      Damage    Failure   Level
 Ensorcelled Hibernation  Hex/Ice        0%         N/A       45%         2
 Passwall                 Erth           0%         N/A       69%         3
 Swiftness                Air            0%         N/A       69%         3


Dungeon Overview and Level Annotations

Branches:
Dungeon (2/15)

Annotations:
D:2 Robin


Innate Abilities, Weirdness & Mutations

You are a hulking beast.
Your limbs bulge with bestial killing power. (Slay +1)
You have an increased reservoir of magic. (+10% MP)
You shall have no god before yourself.
Your divine heritage dramatically boosts your attributes as you level up.


Message History

You hit the goblin.
You kill the goblin!
The goblin hits you with a +0 club.
You barely miss the goblin. The goblin barely misses you.
You hit the goblin.
You kill the goblin!
You punch Robin!
Robin is heavily wounded.
Robin throws the goblin at you!
You hit Robin but do no damage.
Robin is heavily wounded.
You hit the goblin.
The goblin is moderately wounded.
Robin hits you with a +0 whip. The goblin hits you with a +0 dagger.
You closely miss the goblin.
The goblin is moderately wounded.
Robin hits you with a +0 whip. The goblin hits you with a +0 dagger.
You barely miss the goblin.
The goblin is moderately wounded.
Robin barely misses you. The goblin hits you with a +0 dagger.
You miss the goblin.
The goblin is moderately wounded.
Robin hits you with a +0 whip.
* * * LOW HITPOINT WARNING * * *
The goblin closely misses you.
You hit the goblin.
You kill the goblin!
Robin hits you with a +0 whip.
* * * LOW HITPOINT WARNING * * *
Things that are here:
a +0 dagger; a +0 dagger; a goblin corpse Robin attacks as they pursue you!
Robin barely misses you.
There is a stone staircase leading up here.
Robin attacks as they pursue you! Robin hits you with a +0 whip.
* * * LOW HITPOINT WARNING * * *
Robin attacks as they pursue you! Robin completely misses you.
Robin attacks as they pursue you! Robin completely misses you.
Robin attacks as they pursue you! Robin hits you with a +0 whip.
You die...
Robin lets out a smug laugh.

##)#####.......###.####.#####.###
##.# ####.#### #.##.......<.)))
##.# #.# #.##.#.#####.### ...#
#...# #.##.#.# #.# #### #...#
#......#####.. ..# #...#
###.......##### #.#
#...#####......#.<###### #.#
######.........#.......##....
#.###...........hg.#.##.....#..>.
.......)..................)......
#.#................#........#....
#.......##.........##.÷.)..##....
#...♣...##...#####......#.##.....
..#....###...# ####..##.##.####
#.#...## #...# #..##.##.####
#.#.### #...# #........##..
#.#.### ##.## #.....##.##.#


You could see Robin.

Vanquished Creatures
  4 adders (D:2)
  2 ball pythons
  4 bats (D:1)
  2 endoplasms (D:1)
  2 giant cockroaches (D:1)
  10 goblins
  8 hobgoblins
  4 jackals (D:1)
  A quokka (D:1)
  2 frilled lizards
  4 kobolds
  3 rats (D:1)
46 creatures vanquished.

Notes
Turn   | Place    | Note
-------+----------+-------------------------------------------
     0 | D:1      | RatsInWalls the Demigod Shapeshifter began the quest for
                  | the Orb.
     0 | D:1      | Reached XP level 1. HP: 15/15 MP: 3/3
    82 | D:1      | Reached skill level 1 in Fighting
   193 | D:1      | Reached XP level 2. HP: 13/23 MP: 4/4
  1162 | D:2      | Reached XP level 3. HP: 22/28 MP: 5/5
  1431 | D:2      | Reached skill level 1 in Stealth
  1547 | D:2      | Noticed Robin
  1553 | D:2      | Reached XP level 4. HP: 29/36 MP: 6/6
  1585 | D:2      | Slain by Robin

Illustrated notes

Levels and vault maps discovered:
D:1:      sevenhm_arrival_forest_fort_small_3, layout_basic, serial_curves,
          eino_curves_01, eino_curves_04, minmay_bisected
D:2:      layout_loops_cross, shapermc_ecumenical_altar_flowoftime, basic_altar,
          serial_park_tiny_1, uniq_robin

Skill      XL: |  1  2  3 |
---------------+----------+-----
Fighting       | 1 |  1.9
Dodging        | 2 |  2.4
Unarmed Combat | 3 |  3.2
Shapeshifting  | 3 |  3.1
Stealth        | 1 |  1.1

Action                     |  1- 3 |  4- 6 || total
---------------------------+-------+-------++-------
  Melee: Unarmed           |   112 |    14 ||   126
         Punch             |     1 |       ||     1
   Stab: Sleeping          |     1 |       ||     1
 Armour: Animal skin       |    51 |    13 ||    64
  Dodge: Dodged            |    84 |    10 ||    94
   Form: Beast             |     2 |       ||     2
         Flux              |     1 |       ||     1
